 Dungeon Crawl Stone Soup version 0.30-a0-576-g89cddaab80 (webtiles) character file.

Game seed: 13814358973614067329

210 Newt the Changer (level 5, -2/38 HPs)
             Began as a Demonspawn Gladiator on Dec 30, 2022.
             Was an Initiate of Hepliaklqana.
             Slain by an orc wizard
             ... wielding a +0 dagger of electrocution
              (9 damage)
             ... on level 3 of the Dungeon.
             The game lasted 00:03:44 (2884 turns).

Newt the Changer (Demonspawn Gladiator)             Turns: 2884, Time: 00:03:44

Health: -2/38      AC: 10    Str: 16    XL:     5   Next: 56%
Magic:  5/5        EV: 12    Int:  9    God:    Hepliaklqana [......]
Gold:   113        SH:  0    Dex: 15    Spells: 2/4 levels left

rFire   . . .      SeeInvis .    k - +3 dagger
rCold   . . .      Faith    .    (no shield)
rNeg    . . .      Spirit   .    i - +0 scale mail
rPois   .          Reflect  .    c - +0 helmet
rElec   .          Harm     .    m - +1 cloak
rCorr   .          Rampage  .    n - +0 pair of gloves
Will    .....                    (no boots)
Stlth   ++                       (no amulet)
HPRegen 0.26/turn                (no ring)
MPRegen 0.18/turn                (no ring)

@: wereblooded
A: hooves 1, magic regeneration, sturdy frame 2
a: Renounce Religion


You were on level 3 of the Dungeon.
You worshipped Hepliaklqana.
Hepliaklqana was noncommittal.
You visited 1 branch of the dungeon, and saw 4 of its levels.

You collected 113 gold pieces.

Inventory:

Hand Weapons
 a - a +0 rapier
 k - a +3 dagger (weapon)
Missiles
 d - 4 throwing nets (quivered)
 s - 4 poisoned darts
 x - 4 boomerangs
Armour
 b - a +0 leather armour
 c - a +0 helmet (worn)
 i - a +0 scale mail (worn)
 m - a +1 cloak (worn)
 n - a +0 pair of gloves (worn)
Scrolls
 o - 2 scrolls of fear {unknown}
 p - a scroll of teleportation
 q - 2 scrolls of blinking {unknown}
 r - a scroll of fog
 t - a scroll of identify
Potions
 g - a potion of attraction
 j - a potion of degeneration {unknown}
 l - a potion of cancellation {unknown}
 u - 2 potions of flight {unknown}
 v - a potion of ambrosia {unknown}
 w - a potion of resistance {unknown}


   Skills:
 - Level 2.0 Fighting
 - Level 2.6 Short Blades
 - Level 3.0 Throwing
 - Level 2.6 Dodging
 - Level 2.0 Stealth
 + Level 3.7 Transmutations


You had 2 spell levels left.
You knew the following spells:

 Your Spells              Type           Power      Damage    Failure   Level
a - Wereblood             Tmut           6%         N/A       22%         2

Your spell library contained the following spells:

 Spells                   Type           Power      Damage    Failure   Level
 Beastly Appendage        Tmut           12%        N/A       14%         1
 Freeze                   Ice            0%         1d3       54%         1
 Static Discharge         Conj/Air       0%         2-2/arc   69%         2
 Spider Form              Tmut/Pois      3%         N/A       67%         3
 Frozen Ramparts          Ice            0%         1d1       89%         3
 Hailstorm                Conj/Ice       0%         3d3       89%         3
 Vhi's Electric Charge    Tloc/Air       0%         N/A       89%         3
 Arcjolt                  Conj/Air       0%         1d10      100%        5
 Lightning Bolt           Conj/Air       0%         1d11      100%        5


Dungeon Overview and Level Annotations

Branches:
Dungeon (4/15)
 Temple: D:4-7

Altars:
Cheibriados
Hepliaklqana
Yredelemnul


Innate Abilities, Weirdness & Mutations

You have large cloven feet.
You regenerate magic rapidly.
Your movements are less encumbered by armour. (ER -4)


Message History

The ball python closely misses you. The ball python constricts you.
The orc hits you from afar with a +0 trident.
You hit the ball python. You kick the ball python.
The ball python is severely wounded.
The ball python bites you but does no damage.
The ball python constricts you.
You hit the ball python.
You feel a bit better.
You kill the ball python!
The orc hits you but does no damage.
The orc wizard hits you but does no damage.
You are electrocuted!
You hit the orc but do no damage. Your kick misses the orc.
The orc closely misses you. The orc wizard misses you.
The orc hits you with a +2 flail of protection.
You hit the orc but do no damage. You kick the orc.
The orc is heavily wounded.
The orc hits you but does no damage.
The orc wizard hits you but does no damage.
You are electrocuted!
* * * LOW HITPOINT WARNING * * *
The orc hits you but does no damage. The orc misses you.
The orc wizard hits you with a +0 dagger of electrocution.
* * * LOW HITPOINT WARNING * * *
You climb upwards.
There is a stone staircase leading down, spattered with blood here.
Unknown command.
Throw: 5 throwing nets
Press: ? - help, Q - select action, (/) - cycle Shift-Dir - straight line, f - orc
Aim: an orc, wielding a +2 flail of protection (heavily wounded, 62% to hit)
You throw a throwing net. The throwing net hits the orc.
The orc is caught in the net!
The orc is heavily wounded.
The orc struggles against the net.
The orc wizard barely misses you.
You closely miss the orc wizard. Your kick misses the orc wizard.
The orc wizard is moderately wounded.
The orc struggles against the net.
The orc wizard hits you with a +0 dagger of electrocution.
* * * LOW HITPOINT WARNING * * *
You are electrocuted!
You die...

..............♣..................
##########.......##..####.#######
# #........._.###.#####.####### #
#...........##......#.#...... #
#.........♣....#....#.#.##### #
######.......###....#+#...... #
#####+#.# #........#.### # #.#o#
#........#.... # ########.#@#
#.............
#######.....##.#o######....##....
.....†'.....'...........#'#####.#
#######.....##......###.#.# ###'#
########....#...#.#.# #....
#....###...#[# #.... #....#
##..#.# #.... #.#+## #..#.# #....
#.#+#####....###...<


You could see an orc wizard and an orc (caught).

Vanquished Creatures
  A hound (D:3)
  Jessica (D:2)
  Terence (D:2)
  Robin (D:1)
  3 adders
  6 dart slugs
  4 orcs
  6 endoplasms
  2 giant cockroaches
  16 goblins
  7 hobgoblins
  2 kobolds
  3 quokkas (D:3)
  3 ball pythons
  4 bats
  8 frilled lizards
  2 rats
70 creatures vanquished.

Notes
Turn   | Place    | Note
-------+----------+-------------------------------------------
     0 | D:1      | Newt the Demonspawn Gladiator began the quest for the Orb.
     0 | D:1      | Reached XP level 1. HP: 16/16 MP: 1/1
    36 | D:1      | Reached skill level 1 in Stealth
   177 | D:1      | Gained mutation: Your movements are slightly less
                  | encumbered by armour. (ER -2) [demonic ancestry]
   177 | D:1      | Reached XP level 2. HP: 22/22 MP: 2/2
  1181 | D:2      | Gained mutation: You regenerate magic rapidly. [demonic
                  | ancestry]
  1181 | D:2      | Reached XP level 3. HP: 27/27 MP: 3/3
  1208 | D:2      | Noticed Jessica
  1221 | D:2      | Killed Jessica
  1224 | D:2      | Noticed Robin
  1263 | D:1      | Reached skill level 1 in Transmutations
  1309 | D:1      | Killed Robin
  1310 | D:1      | Gained mutation: Your movements are less encumbered by
                  | armour. (ER -4) [demonic ancestry]
  1310 | D:1      | Reached XP level 4. HP: 33/33 MP: 4/4
  1454 | D:2      | Noticed Terence
  1468 | D:2      | Killed Terence
  1472 | D:2      | Learned a level 2 spell: Wereblood
  1850 | D:3      | Found a hazy altar of Hepliaklqana.
  1901 | D:3      | Gained mutation: You have large cloven feet. [demonic
                  | ancestry]
  1901 | D:3      | Reached XP level 5. HP: 38/38 MP: 5/5
  1905 | D:3      | Became a worshipper of Hepliaklqana the Forgotten
  2447 | D:3      | Found a snail-covered altar of Cheibriados.
  2448 | D:3      | Found a basalt altar of Yredelemnul.
  2884 | D:3      | Slain by an orc wizard

Illustrated notes

Levels and vault maps discovered:
D:1:      minmay_arrival_wavy_path, layout_basic
D:2:      layout_rooms, uniq_robin, uniq_jessica, uniq_terence
D:3:      layout_basic, mainiacjoe_overflow_tiny_flanked,
          gammafunk_temple_overflow_statue
D:4:      layout_basic, chequers_serial_rivers_small_3, st_stairs_8, uniq_ijyb

Skill      XL: |  1  2  3  4  5 |
---------------+----------------+-----
Stealth        | 1 2 |  2.0
Throwing       | 2 3 |  3.0
Transmutations | 1 2 3 |  3.7
Fighting       | |  2.0
Short Blades   | |  2.6
Dodging        | |  2.6

Action                   |  1- 3 |  4- 6 || total
-------------------------+-------+-------++-------
Melee: Rapier            |   100 |    27 ||   127
       Dagger            |       |   118 ||   118
       Punch             |       |     1 ||     1
       Kick              |       |    10 ||    10
Throw: Javelin           |       |     1 ||     1
       Throwing net      |       |     1 ||     1
 Cast: Wereblood         |       |     3 ||     3
  Use: Scroll            |     4 |       ||     4
       Potion            |     2 |     3 ||     5
 Stab: Sleeping          |     3 |     3 ||     6
Armor: Leather armour    |    12 |       ||    12
       Scale mail        |    35 |   109 ||   144
Dodge: Dodged            |    84 |   103 ||   187

Table legend: (Time is in decaauts)
 A = Elapsed time spent in this place.
 B = Non-inter-level travel time spent in this place.
 C = Inter-level travel time spent in this place.
 D = Time resting spent in this place.
 E = Time spent auto-exploring this place.
 F = Levels seen in this place.
 G = Mean time per level.
                   A        B        C        D        E       F      G
               +--------+--------+--------+--------+--------+-----+--------+
         Total |   2883 |   2684 |    199 |    356 |   1744 |   4 |  720.8 |
       Dungeon |   2883 |   2684 |    199 |    356 |   1744 |   4 |  720.8 |
               +--------+--------+--------+--------+--------+-----+--------+

Top non-repeatable levels by time:
     D:3: 1084 daAuts
     D:1: 1054 daAuts
     D:2: 663 daAuts
     D:4: 81 daAuts
